 Dungeon Crawl Stone Soup version 0.24.0-13-gcf9b319 (webtiles) character file.

Game seed: 4058555965407556504, levelgen mode: deterministic

5119 Fang the Fighter (level 10, -3/66 HPs)
             Began as a Gargoyle Berserker on Dec 4, 2019.
             Was an Elder of Trog.
             Slain by an orc warrior
             ... wielding a +0 morningstar of holy wrath
              (6 damage)
             ... on level 9 of the Dungeon.
             The game lasted 00:08:40 (7998 turns).

Fang the Fighter (Gargoyle Berserker)               Turns: 7998, Time: 00:08:40

Health: -3/66      AC: 23    Str: 24    XL:     10   Next: 58%
Magic:  10/10      EV: 13    Int:  8    God:    Trog [****..]
Gold:   481        SH:  0    Dex:  9    Spells: 9/9 levels left

rFire    . . .     SeeInvis .   s - +2 hand axe (flame)
rCold    . . .     Gourm    .   (no shield)
rNeg     + . .     Faith    .   b - +0 plate armour
rPois    ∞         Spirit   .   h - +1 helmet
rElec    +         Reflect  .   (no cloak)
rCorr    +         Harm     .   (no gloves)
MR       ++...                  (no boots)
Stlth    ..........             (no amulet)
HPRegen  1.21/turn              C - ring of resist corrosion
MPRegen  0.12/turn              A - +4 ring of evasion

@: regenerating
A: negative energy resistance 1, electricity resistance, unbreathing,
petrification resistance, rot immunity, AC +7
a: Berserk, Trog's Hand, Brothers in Arms, Renounce Religion


You were on level 9 of the Dungeon.
You worshipped Trog.
Trog was greatly pleased with you.
You were not hungry.

You visited 2 branches of the dungeon, and saw 10 of its levels.

You collected 481 gold pieces.

Inventory:

Hand Weapons
 a - a +0 hand axe
 s - a +2 hand axe of flaming (weapon)
Armour
 b - a +0 plate armour (worn)
 h - a +1 helmet (worn)
Jewellery
 n - an uncursed ring of protection from fire
 A - a +4 ring of evasion (right hand)
 C - a ring of resist corrosion (left hand)
Wands
 y - a wand of flame (25)
 B - a wand of enslavement (9)
Scrolls
 d - a scroll of enchant weapon {unknown}
 e - 9 scrolls of identify {unknown}
 g - 3 scrolls of magic mapping {unknown}
 j - 2 scrolls of immolation {unknown}
 k - 2 scrolls of noise {unknown}
 q - 3 scrolls of remove curse {unknown}
 r - 4 scrolls of teleportation {unknown}
 w - 3 scrolls of fear {unknown}
 x - a scroll of fog {unknown}
 D - a scroll of enchant armour {unknown}
 F - a scroll of silence {unknown}
Potions
 f - 7 potions of curing {unknown}
 i - a potion of haste
 l - 2 potions of resistance {unknown}
 m - a potion of brilliance {unknown}
 o - 2 potions of mutation {unknown}
 p - a potion of berserk rage {unknown}
 t - a potion of agility
 u - a potion of flight {unknown}
 v - 2 potions of degeneration {unknown}
 z - a potion of lignification {unknown}
Comestibles
 c - 13 rations
 E - 6 chunks of flesh


   Skills:
 + Level 9.1 Fighting
 + Level 7.5 Axes
 + Level 8.7 Armour
 + Level 6.5 Dodging


You had 9 spell levels left.
You didn't know any spells.
Your spell library was empty.

Dungeon Overview and Level Annotations

Branches:
Dungeon (9/15)             Temple (1/1) D:4            Lair (0/6) D:8
    Orc: D:9-12

Altars:
Ashenzari
Cheibriados
Fedhas
Sif Muna
Trog
Uskayaw
Xom
Yredelemnul
The Shining One

Shops:
D:5 ?


Innate Abilities, Weirdness & Mutations

You are resistant to torment.
Your stone body is resilient. (AC +7)
You are immune to poison.
You resist negative energy. (rN+)
You are resistant to electric shocks. (rElec)
You can survive without breathing.
You are immune to petrification.
You are immune to rotting.


Message History

Okay, then.
You completely miss something.
You hit the orc warrior but do no damage.
The orc warrior barely misses you. Something hits you but does no damage.
The orc priest looks braver for a moment.
Okay, then.
You closely miss something.
You hit the orc warrior but do no damage.
You feel less confused.
The orc warrior hits you with a +0 morningstar of holy wrath!
* * * LOW HITPOINT WARNING * * *
Something hits you but does no damage.
Your skin crawls.
You feel resistant to hostile enchantments.
You feel somewhat more hungry.
The orc priest calls upon Beogh to heal the orc warrior.
The orc warrior's wounds heal themselves!
Something hits you but does no damage.
The orc warrior hits you with a +0 morningstar of holy wrath.
You die...

############
...........##############
...........##............
...........##............
...........##}...........
)..........#........$....
.).......................
(........(..#...oo.......
...........##...@........
(..........##............
####+##########.#########
#... #####


You could see an orc warrior and an orc priest.

Vanquished Creatures
  Harold (D:8)
  Erica (D:8)
  An elephant (D:8)
  Sigmund (D:2)
  A yak (D:8)
  A hungry ghost (D:7)
  A basilisk (D:8)
  Duvessa (D:6)
  2 orc warriors
  4 sky beasts
  A phantom (D:8)
  3 ogres
  A necrophage (D:7)
  A crocodile (D:8)
  2 centaurs
  4 bullfrogs
  3 scorpions (D:4)
  Dowan (D:6)
  2 crimson imps (D:8)
  A centaur skeleton (D:4)
  A hound (D:7)
  3 jellies (D:6)
  6 orc wizards
  6 orc priests
  A bullfrog skeleton (D:5)
  2 iguanas
  Jessica (D:2)
  Terence (D:3)
  Natasha (thrice) (D:3)
  5 worker ants
  A hound skeleton (D:3)
  4 gnolls (D:6)
  7 adders
  A shadow imp (D:9)
  An ooze (D:3)
  4 worms
  3 leopard geckos
  20 orcs
  2 ball pythons (D:1)
  6 bats
  8 giant cockroaches
  6 hobgoblins
  3 quokkas
  5 frilled lizards
  7 goblins
  8 kobolds
  A leopard gecko skeleton (D:8)
  14 rats
163 creatures vanquished.

Notes
Turn   | Place    | Note
-------+----------+-------------------------------------------
     0 | D:1      | Fang the Gargoyle Berserker began the quest for the Orb.
     0 | D:1      | Reached XP level 1. HP: 14/14 MP: 1/1
   410 | D:1      | Reached XP level 2. HP: 19/19 MP: 2/2
   866 | D:2      | Reached XP level 3. HP: 19/24 MP: 3/3
   869 | D:2      | Found a blossoming altar of Fedhas.
   869 | D:2      | Noticed Sigmund
   871 | D:2      | Noticed Jessica
   882 | D:2      | Killed Sigmund
   882 | D:2      | Reached skill level 4 in Fighting
   882 | D:2      | Reached XP level 4. HP: 7/30 MP: 4/4
   882 | D:2      | Reached XP level 5. HP: 8/34 MP: 5/5
   884 | D:2      | Killed Jessica
   939 | D:2      | Reached XP level 6. HP: 12/39 MP: 6/6
  1078 | D:2      | Reached ** piety under Trog
  1151 | D:2      | Noticed a sky beast
  1161 | D:2      | Killed a sky beast
  1500 | D:2      | Noticed a moth of wrath
  1505 | D:2      | Found a bloodstained altar of Trog.
  1685 | D:3      | Noticed Natasha
  1692 | D:3      | Killed Natasha
  1692 | D:3      | Reached skill level 5 in Fighting
  1805 | D:3      | Found a shimmering altar of Xom.
  1871 | D:3      | Noticed Natasha
  1881 | D:3      | Killed Natasha
  1924 | D:3      | Reached XP level 7. HP: 44/44 MP: 7/7
  1934 | D:3      | Noticed Terence
  1953 | D:3      | Killed Terence
  1968 | D:3      | Noticed Natasha
  1980 | D:3      | Killed Natasha
  2203 | D:3      | Found a basalt altar of Yredelemnul.
  2227 | D:3      | Found a glowing golden altar of the Shining One.
  2410 | D:3      | Noticed an angel
  2658 | D:4      | Reached *** piety under Trog
  2835 | D:4      | Found a staircase to the Ecumenical Temple.
  2847 | D:4      | Reached skill level 5 in Armour
  3095 | Temple   | Entered the Ecumenical Temple
  3317 | D:4      | Reached XP level 8. HP: 41/51 MP: 8/8
  3448 | D:4      | Reached skill level 6 in Fighting
  3568 | D:4      | Found a snail-covered altar of Cheibriados.
  3626 | D:4      | Reached skill level 5 in Axes
  4236 | D:5      | Entered Level 5 of the Dungeon
  4421 | D:5      | Found Gogg's Magic Scroll Boutique.
  4774 | D:5      | You fall into a shaft and drop 1 floor!
  4855 | D:6      | Noticed a +0 hand axe
  4863 | D:6      | Noticed a +0 hand axe
  4867 | D:6      | Found a hide-covered altar of Uskayaw.
  4934 | D:6      | Found a shattered altar of Ashenzari.
  5008 | D:6      | Noticed Dowan
  5008 | D:6      | Noticed Duvessa
  5019 | D:6      | Killed Dowan
  5033 | D:6      | Killed Duvessa
  5354 | D:6      | Reached skill level 7 in Fighting
  5354 | D:6      | Reached XP level 9. HP: 53/57 MP: 9/9
  5360 | D:6      | Found a shimmering blue altar of Sif Muna.
  5638 | D:7      | Reached skill level 5 in Dodging
  5764 | D:7      | Reached **** piety under Trog
  6261 | D:7      | Paralysed by fainting for 5 turns
  6266 | D:7      | Paralysed by fainting for 11 turns
  6528 | D:8      | Noticed an elephant
  6603 | D:8      | Reached skill level 8 in Fighting
  6820 | D:8      | Found a staircase to the Lair.
  6850 | D:8      | Killed an elephant
  6850 | D:8      | Reached XP level 10. HP: 64/64 MP: 10/10
  7005 | D:8      | Noticed Erica
  7048 | D:8      | Killed Erica
  7313 | D:8      | Noticed Harold
  7339 | D:8      | Killed Harold
  7339 | D:8      | Reached skill level 9 in Fighting
  7997 | D:9      | HP: 2/66 [orc warrior/+0 morningstar of holy wrath (10)]
  7998 | D:9      | Slain by an orc warrior

Levels and vault maps discovered:
D:1:      ncdulo_watergridlock, layout_basic, corexii_item_surrounded_by_moat,
          minmay_tripent
D:2:      layout_rooms, tgw_trog, lemuel_round_altar, first_ration,
          uniq_jessica, uniq_sigmund
D:3:      layout_rooms, grunt_temple_overflow_holy_war, xom_teletrap_fun,
          uniq_natasha, uniq_terence
D:4:      layout_layer_cave, minmay_temple_entry_proselytizer,
          chei_slow_surprise
D:5:      layout_loops_corners, chequers_temple_overflow_minitemple,
          serial_shops, shop
D:6:      layout_loops_ring, lemuel_round_altar, dancing_weapons_uskayaw,
          hex_medium, minmay_misc_feat_doors, tgw_sif, uniq_duvessa
D:7:      layout_gridville
D:8:      layout_basic, david_lair_generic, uniq_harold, uniq_erica
D:9:      layout_roguey, uniq_maurice, uniq_grum
Temple:   jpeg_temple_clearing

Skill      XL: |  1  2  3  4  5  6  7  8  9 10 |
---------------+-------------------------------+-----
Axes           | 3 4 5 6 7 |  7.5
Dodging        | 2 3 4 5 6 |  6.5
Fighting       | 4 5 7 8 9 |  9.1
Armour         | 3 4 5 6 7 8 |  8.7

Action                   |  1- 3 |  4- 6 |  7- 9 | 10-12 || total
-------------------------+-------+-------+-------+-------++-------
Melee: Hand axe          |    66 |   120 |   466 |   105 ||   757
Invok: Berserk           |     1 |     2 |     9 |     1 ||    13
       Trog's Hand       |       |       |     1 |     1 ||     2
  Eat: Chunk             |       |     6 |    23 |     3 ||    32
       Ration            |       |       |     2 |     1 ||     3
Armor: Animal skin       |    28 |    55 |    32 |       ||   115
       Chain mail        |       |       |   147 |       ||   147
       Plate armour      |       |       |    76 |   109 ||   185
Dodge: Dodged            |    60 |    77 |   236 |    92 ||   465
